General information
- name: BNet
- type: Ladder team game (AT/RT)
- host: Battle.net
- saver: towers
map: DragonFalls
- players: 8
- length: 21:44
- speed: Fast
- version: 1.27 W3XP
- replay type: Public
» download(142 KB)
Players
team 1 (loser)

»
godofweed42O (
red | 40 APM | 859 actions | 21:43)
5 Demon Hunter
3 Immolation
2 Evasion
» actions
| Assign group hotkey | 16 | |
| Basic commands | 29 | |
| Build / train | 63 | |
| ESC pressed | 1 | |
| Enter build submenu | 21 | |
| Enter hero's abilities submenu | 5 | |
| Right click | 450 | |
| Select / deselect | 213 | |
| Select group hotkey | 33 | |
| Use ability | 28 | |
859 total
» units
» upgrades
| Strength of the Wild | 3 | |
| Reinforced Hides | 3 | |
| Corrosive Breath | 1 | |
| Strength of the Moon | 1 | |
| Moon Armor | 1 | |
| Ultravision | 1 | |
| Well Spring | 1 | |
11 total
» buildings
| Altar of Elders | 1 | |
| Moon Well | 8 | |
| Hunter's Hall | 1 | |
| Ancient of War | 2 | |
| Tree of Life | 2 | |
| Tree of Ages | 2 | |
| Tree of Eternity | 1 | |
| Ancient of Wind | 1 | |
| Chimaera Roost | 3 | |
21 total
» build order
00:03 Altar of Elders
00:08 Moon Well
01:03 Hunter's Hall
01:30 Ancient of War
01:54 Moon Well
02:09 Ancient of War
03:11 Moon Well
03:46 Tree of Life
05:01 Tree of Ages
07:28 Tree of Eternity
08:23 Ancient of Wind
10:04 Chimaera Roost
10:06 Chimaera Roost
10:09 Chimaera Roost
10:18 Moon Well
10:21 Moon Well
11:14 Moon Well
12:01 Moon Well
12:51 Moon Well
20:12 Tree of Life

»
vivera (
green | 29 APM | 625 actions | 21:43)
4 Demon Hunter
2 Immolation
2 Evasion
3 Keeper of the Grove
1 Force of Nature
2 Entangling Roots
» actions
| Build / train | 68 | |
| Enter build submenu | 17 | |
| Enter hero's abilities submenu | 7 | |
| Give item / drop item | 2 | |
| Right click | 261 | |
| Select / deselect | 218 | |
| Use ability | 52 | |
625 total
» units
| Wisp | 16 | |
| Archer | 22 | |
| Hippogryph | 10 | |
48 total
» upgrades
| Hippogryph Taming | 1 | |
| Strength of the Wild | 2 | |
| Reinforced Hides | 2 | |
5 total
» buildings
| Altar of Elders | 1 | |
| Moon Well | 8 | |
| Ancient of War | 1 | |
| Tree of Ages | 1 | |
| Ancient of Wonders | 1 | |
| Ancient of Wind | 4 | |
| Hunter's Hall | 1 | |
| Tree of Life | 1 | |
| Tree of Eternity | 1 | |
19 total
» build order
00:08 Altar of Elders
00:13 Moon Well
00:24 Ancient of War
01:45 Moon Well
02:24 Moon Well
02:58 Moon Well
04:08 Tree of Ages
04:34 Moon Well
05:35 Ancient of Wonders
06:54 Ancient of Wind
06:59 Ancient of Wind
07:35 Ancient of Wind
09:33 Ancient of Wind
09:38 Hunter's Hall
13:19 Moon Well
14:20 Tree of Life
14:32 Moon Well
16:22 Moon Well
18:08 Tree of Eternity
» items
| Scroll of Town Portal | 2 | |
| Potion of Healing | 2 | |
4 total
Towered.Coward (
teal | 52 APM | 1120 actions | 21:43)
6 Dark Ranger
3 Black Arrow
1 Silence
1 Life Drain
1 Charm
» actions
| Assign group hotkey | 131 | |
| Basic commands | 23 | |
| Build / train | 49 | |
| Enter build submenu | 37 | |
| Enter hero's abilities submenu | 6 | |
| Give item / drop item | 2 | |
| Remove unit from queue | 1 | |
| Right click | 542 | |
| Select / deselect | 194 | |
| Select group hotkey | 59 | |
| Use ability | 76 | |
1120 total
» units
» upgrades
| Masonry | 3 | |
| Lumber Harvesting | 2 | |
5 total
» buildings
| Altar of Kings | 1 | |
| Farm | 4 | |
| Lumber Mill | 2 | |
| Arcane Vault | 2 | |
| Scout Tower | 31 | |
| Town Hall | 1 | |
| Keep | 1 | |
| Arcane Tower | 1 | |
| Guard Tower | 9 | |
| Castle | 1 | |
| Arcane Sanctum | 1 | |
54 total
» build order
00:49 Altar of Kings
00:52 Farm
00:59 Lumber Mill
01:33 Farm
02:08 Farm
02:58 Arcane Vault
03:03 Scout Tower
04:08 Town Hall
04:13 Keep
04:59 Arcane Tower
05:27 Scout Tower
05:27 Scout Tower
05:27 Scout Tower
05:28 Scout Tower
05:28 Scout Tower
06:07 Scout Tower
06:08 Scout Tower
06:09 Scout Tower
06:11 Scout Tower
06:17 Guard Tower
06:46 Scout Tower
06:47 Scout Tower
07:11 Guard Tower
07:44 Guard Tower
08:22 Castle
09:29 Scout Tower
09:29 Scout Tower
09:30 Scout Tower
09:32 Scout Tower
09:33 Scout Tower
09:34 Scout Tower
10:06 Guard Tower
11:52 Guard Tower
12:17 Scout Tower
12:19 Scout Tower
12:20 Scout Tower
12:21 Scout Tower
12:22 Scout Tower
12:23 Scout Tower
12:24 Scout Tower
12:25 Scout Tower
12:27 Scout Tower
12:28 Scout Tower
12:29 Scout Tower
13:22 Guard Tower
13:28 Guard Tower
14:03 Farm
14:15 Guard Tower
14:18 Scout Tower
14:19 Scout Tower
14:26 Lumber Mill
15:18 Guard Tower
15:21 Arcane Vault
17:05 Arcane Sanctum
» items
| Healing Salve | 1 | |
| Lesser Clarity Potion | 3 | |
| Staff of Teleportation | 1 | |
| Boots of Speed | 1 | |
| Periapt of Vitality | 2 | |
| Scroll of Town Portal | 1 | |
| Circlet of Nobility | 1 | |
10 total

»
SubwayCat (
orange | 45 APM | 972 actions | 21:43)
6 Blademaster
3 Critical Strike
2 Wind Walk
1 Bladestorm
3 Shadow Hunter
2 Serpent Ward
1 Healing Wave
3 Tauren Chieftain
1 Endurance Aura
2 Shockwave
» actions
| Build / train | 80 | |
| Enter build submenu | 20 | |
| Enter hero's abilities submenu | 12 | |
| Give item / drop item | 4 | |
| Remove unit from queue | 1 | |
| Right click | 480 | |
| Select / deselect | 310 | |
| Use ability | 65 | |
972 total
» units
| Peon | 18 | |
| Grunt | 15 | |
| Raider | 3 | |
| Kodo Beast | 1 | |
| Troll Witch Doctor | 1 | |
| Spirit Walker | 1 | |
39 total
» upgrades
| Pillage | 1 | |
| Melee Weapons | 2 | |
| Armor | 3 | |
| Berserker Strength | 1 | |
| Reinforced Defenses | 1 | |
| Shaman Training | 2 | |
| Witch Doctor Training | 2 | |
| Spirit Walker Training | 2 | |
| Ensnare | 1 | |
| War Drums Damage Increase | 1 | |
16 total
» buildings
| Altar of Storms | 1 | |
| Orc Burrow | 7 | |
| War Mill | 1 | |
| Barracks | 1 | |
| Voodoo Lounge | 1 | |
| Stronghold | 1 | |
| Great Hall | 2 | |
| Fortress | 1 | |
| Beastiary | 2 | |
| Spirit Lodge | 2 | |
| Tauren Totem | 1 | |
20 total
» build order
00:07 Altar of Storms
00:13 Orc Burrow
01:05 War Mill
01:15 Barracks
01:30 Orc Burrow
02:01 Voodoo Lounge
04:05 Stronghold
05:22 Great Hall
05:41 Orc Burrow
08:47 Fortress
10:14 Beastiary
10:16 Spirit Lodge
12:22 Spirit Lodge
12:24 Beastiary
14:18 Tauren Totem
15:00 Orc Burrow
15:08 Orc Burrow
15:09 Orc Burrow
15:12 Orc Burrow
16:23 Great Hall
» items
| Healing Salve | 3 | |
| Scroll of Town Portal | 2 | |
| Orb of Lightning | 1 | |
| Scroll of Speed | 1 | |
7 total
team 2 (winner)
merch17 (
blue | 55 APM | 1163 actions | 21:19)
4 Mountain King
2 Storm Bolt
1 Bash
1 Thunder Clap
2 Paladin
1 Holy Light
1 Divine Shield
» actions
| Assign group hotkey | 13 | |
| Basic commands | 37 | |
| Build / train | 62 | |
| Enter build submenu | 44 | |
| Enter hero's abilities submenu | 6 | |
| Right click | 590 | |
| Select / deselect | 275 | |
| Select group hotkey | 46 | |
| Use ability | 90 | |
1163 total
» units
| Peasant | 13 | |
| Footman | 21 | |
| Archer | 1 | |
| Knight | 5 | |
40 total
» upgrades
| Defend | 1 | |
| Animal War Training | 1 | |
| Masonry | 1 | |
| Swords | 1 | |
| Plating | 1 | |
5 total
» buildings
| Altar of Kings | 2 | |
| Farm | 17 | |
| Barracks | 4 | |
| Lumber Mill | 1 | |
| Ancient of War | 1 | |
| Arcane Vault | 1 | |
| Town Hall | 1 | |
| Moon Well | 1 | |
| Keep | 1 | |
| Scout Tower | 9 | |
| Castle | 1 | |
| Guard Tower | 3 | |
| Blacksmith | 1 | |
| Tree of Life | 1 | |
| Gryphon Aviary | 3 | |
47 total
» build order
00:47 Altar of Kings
01:01 Farm
01:16 Barracks
01:39 Farm
01:57 Lumber Mill
02:17 Farm
02:46 Ancient of War
02:55 Farm
03:34 Farm
04:39 Arcane Vault
04:47 Farm
04:55 Town Hall
05:37 Moon Well
06:11 Keep
06:16 Farm
06:34 Scout Tower
06:50 Scout Tower
07:04 Scout Tower
07:05 Scout Tower
07:39 Scout Tower
07:44 Barracks
08:51 Barracks
08:53 Castle
08:58 Scout Tower
09:00 Scout Tower
09:01 Guard Tower
10:12 Blacksmith
11:06 Barracks
12:17 Tree of Life
12:27 Farm
13:16 Farm
13:17 Farm
13:17 Farm
14:37 Gryphon Aviary
14:38 Gryphon Aviary
14:39 Gryphon Aviary
15:55 Guard Tower
17:01 Scout Tower
17:39 Guard Tower
19:51 Scout Tower
20:12 Farm
20:16 Farm
20:33 Farm
20:42 Farm
20:49 Farm
20:51 Farm
21:03 Altar of Kings
» items
| Scroll of Regeneration | 1 | |
| Scroll of Town Portal | 1 | |
| Potion of Mana | 2 | |
4 total

»
DJ_Trump (
purple | 18 APM | 7 actions | 00:23)
» actions
| Right click | 1 | |
| Select / deselect | 6 | |
7 total

»
thugmasternoob (
pink | 36 APM | 793 actions | 21:43)
1 Death Knight
1 Death Coil
1 Keeper of the Grove
1 Entangling Roots
2 Lich
1 Frost Nova
1 Frost Armor
» actions
| Assign group hotkey | 27 | |
| Basic commands | 33 | |
| Build / train | 82 | |
| ESC pressed | 4 | |
| Enter build submenu | 28 | |
| Enter hero's abilities submenu | 4 | |
| Right click | 244 | |
| Select / deselect | 232 | |
| Select group hotkey | 89 | |
| Use ability | 46 | |
793 total
» units
| Acolyte | 3 | |
| Wisp | 9 | |
| Ghoul | 4 | |
| Crypt Fiend | 13 | |
| Archer | 22 | |
| Obsidian Statue | 2 | |
53 total
» upgrades
| Improved Bows | 1 | |
| Destroyer Form | 1 | |
2 total
» buildings
| Altar of Darkness | 1 | |
| Crypt | 1 | |
| Ziggurat | 4 | |
| Moon Well | 4 | |
| Altar of Elders | 1 | |
| Graveyard | 2 | |
| Tomb of Relics | 1 | |
| Nerubian Tower | 1 | |
| Ancient of Wonders | 1 | |
| Ancient of War | 1 | |
| Halls of the Dead | 1 | |
| Tree of Ages | 1 | |
| Ancient of Wind | 1 | |
| Hunter's Hall | 1 | |
| Black Citadel | 5 | |
| Slaughterhouse | 1 | |
| Tree of Life | 1 | |
| Sacrificial Pit | 1 | |
| Necropolis | 1 | |
30 total
» build order
00:16 Altar of Darkness
00:25 Crypt
00:54 Ziggurat
01:04 Moon Well
01:11 Altar of Elders
01:32 Graveyard
01:35 Graveyard
02:08 Tomb of Relics
02:11 Nerubian Tower
02:18 Ziggurat
02:27 Ancient of Wonders
02:37 Ancient of War
03:10 Moon Well
03:31 Ziggurat
03:58 Moon Well
04:32 Halls of the Dead
04:35 Tree of Ages
05:49 Ziggurat
06:54 Moon Well
07:32 Ancient of Wind
07:38 Hunter's Hall
09:19 Black Citadel
09:19 Black Citadel
09:19 Black Citadel
09:19 Black Citadel
09:20 Black Citadel
10:19 Slaughterhouse
12:26 Tree of Life
13:34 Sacrificial Pit
21:01 Necropolis
» items
| Dust of Appearance | 1 | |
| Rod of Necromancy | 1 | |
2 total
towers (
yellow | 108 APM | 2351 actions | 21:44)
4 Blood Mage
2 Flame Strike
2 Banish
» actions
| Assign group hotkey | 152 | |
| Basic commands | 129 | |
| Build / train | 182 | |
| ESC pressed | 4 | |
| Enter build submenu | 42 | |
| Enter hero's abilities submenu | 4 | |
| Give item / drop item | 4 | |
| Right click | 1006 | |
| Select / deselect | 268 | |
| Select group hotkey | 454 | |
| Use ability | 106 | |
2351 total
» units
| Peasant | 19 | |
| Footman | 9 | |
| Furbolg Shaman | 4 | |
| Sorceress | 2 | |
| Thunder Lizard | 5 | |
| Satyr Shadowdancer | 3 | |
| Goblin Shredder | 4 | |
46 total
» upgrades
| Masonry | 3 | |
| Sorceress Training | 1 | |
4 total
» buildings
| Lumber Mill | 1 | |
| Farm | 8 | |
| Altar of Kings | 1 | |
| Barracks | 1 | |
| Arcane Vault | 1 | |
| Scout Tower | 31 | |
| Guard Tower | 91 | |
| Keep | 5 | |
| Castle | 3 | |
| Arcane Sanctum | 1 | |
143 total
» build order
00:37 Lumber Mill
01:06 Farm
01:17 Altar of Kings
01:21 Barracks
01:36 Farm
01:43 Farm
02:07 Arcane Vault
02:56 Scout Tower
02:57 Scout Tower
02:59 Scout Tower
03:00 Scout Tower
03:03 Scout Tower
03:19 Farm
03:57 Guard Tower
03:58 Guard Tower
03:58 Guard Tower
03:58 Guard Tower
03:58 Guard Tower
04:47 Guard Tower
04:50 Keep
04:50 Keep
04:50 Keep
06:38 Scout Tower
06:39 Scout Tower
06:39 Scout Tower
06:40 Scout Tower
07:10 Scout Tower
07:11 Scout Tower
07:13 Scout Tower
07:13 Scout Tower
07:15 Guard Tower
07:15 Guard Tower
07:15 Guard Tower
07:16 Castle
07:16 Castle
07:18 Arcane Sanctum
07:27 Scout Tower
07:54 Guard Tower
07:55 Guard Tower
07:55 Guard Tower
07:56 Guard Tower
07:56 Guard Tower
07:56 Guard Tower
07:58 Scout Tower
07:59 Scout Tower
08:04 Guard Tower
08:04 Guard Tower
08:54 Guard Tower
08:55 Guard Tower
08:55 Guard Tower
08:56 Farm
08:57 Farm
09:49 Farm
09:50 Scout Tower
09:52 Farm
11:00 Guard Tower
11:00 Guard Tower
11:01 Guard Tower
11:02 Guard Tower
11:02 Guard Tower
11:02 Guard Tower
13:38 Scout Tower
13:38 Scout Tower
13:39 Scout Tower
13:40 Scout Tower
13:41 Scout Tower
13:44 Scout Tower
13:44 Scout Tower
13:45 Scout Tower
13:48 Scout Tower
13:52 Scout Tower
13:53 Scout Tower
14:08 Guard Tower
14:08 Guard Tower
14:09 Guard Tower
14:09 Guard Tower
14:09 Guard Tower
14:11 Guard Tower
14:11 Guard Tower
14:11 Guard Tower
14:15 Guard Tower
14:23 Guard Tower
14:23 Guard Tower
14:23 Guard Tower
14:30 Guard Tower
14:30 Guard Tower
14:30 Guard Tower
14:36 Guard Tower
14:36 Guard Tower
14:36 Guard Tower
14:46 Guard Tower
14:46 Guard Tower
14:46 Guard Tower
14:50 Guard Tower
14:50 Guard Tower
14:50 Guard Tower
14:56 Guard Tower
14:57 Guard Tower
14:57 Guard Tower
15:45 Guard Tower
16:40 Scout Tower
16:41 Scout Tower
16:42 Scout Tower
17:13 Guard Tower
17:13 Guard Tower
17:13 Guard Tower
17:15 Guard Tower
17:16 Guard Tower
17:16 Guard Tower
17:17 Guard Tower
17:17 Guard Tower
17:17 Guard Tower
» items
| Scroll of Regeneration | 3 | |
| Mechanical Critter | 8 | |
| Staff of Teleportation | 1 | |
| Periapt of Vitality | 1 | |
| Lesser Clarity Potion | 1 | |
| Potion of Mana | 1 | |
| Scroll of Town Portal | 1 | |
16 total
Chat log
(00:22 / All) DJ_Trump: shit gotta gooooooooooooooooooooooo
(00:27 / All) towers: what a faggot lol
(00:30 / All) towers: he had to go immediately
(00:33 / All) towers: yet was searching a game?
(00:40 / Allies) thugmasternoob: I got purple
(00:43 / Allies) towers: kk
(00:47 / All) SubwayCat: i think he found out i banged his mother
(00:52 / All) SubwayCat: coming t my house to suck me off
(00:55 / All) towers: what a coincidence I fucked his mother too
(00:57 / All) towers: she's a total whore
(01:13 / Allies) thugmasternoob: rush
(01:26 / Allies) thugmasternoob: 2 vs 2 splint
(01:55 / Allies) thugmasternoob: ok?
(01:58 / Allies) merch17: k
(03:59 / Allies) merch17: come yellow
(04:45 / Allies) thugmasternoob: ready?
(04:51 / Allies) merch17: just about
(04:59 / Allies) thugmasternoob: hey we must hit together at same time
(05:08 / Allies) merch17: nah se[parate a bit
(05:11 / Allies) merch17: to try and force tps
(05:23 / Allies) thugmasternoob: ha...
(05:42 / Allies) thugmasternoob: I meant rush,,,,,
(05:54 / Allies) merch17: yellow come
(05:54 / Allies) towers: huh?
(05:59 / Allies) merch17: we hit
(06:02 / Allies) thugmasternoob: fuck
(06:13 / Allies) thugmasternoob: gg
(06:13 / Allies) towers: I'm fighting bad guys
(06:15 / Allies) thugmasternoob: we lost.
(06:23 / Allies) thugmasternoob: stfu yellow bitch
(06:25 / Allies) towers: ?
(06:26 / Allies) towers: huh?
(06:39 / Allies) thugmasternoob: Look at 3
(06:56 / Allies) towers: I come hit now
(07:05 / Allies) towers: omw
(07:33 / Allies) towers: ?
(07:42 / Allies) towers: I hire creepers
(07:51 / Allies) towers: got creepers
(07:54 / Allies) thugmasternoob: mother fucker yellow bitch
(08:06 / Allies) towers: you no like creepers?
(08:14 / Allies) towers: it has rejuvenation
(08:19 / Allies) thugmasternoob: Look all minimap bitch
(08:26 / Allies) thugmasternoob: fuck!
(08:27 / Allies) towers: what is that?
(08:48 / All) towers: we have a noob team pink is noob guys
(08:52 / Allies) thugmasternoob: gha a....
(08:59 / Allies) thugmasternoob: stfu
(09:33 / Allies) towers: I rape expo noob
(09:35 / Allies) towers: what do you do\
(10:42 / Allies) towers: I'll go hire more creepers to help
(11:12 / Allies) towers: help give gold for creeps?
(11:15 / Allies) towers: need creeps
(11:17 / Allies) thugmasternoob: yellow
(11:18 / Allies) thugmasternoob: happ?
(11:21 / Allies) thugmasternoob: happy>?
(11:22 / Allies) towers: I bought lizard
(11:26 / Allies) towers: noob blue
(11:27 / Allies) towers: 3k gold
(11:33 / Allies) thugmasternoob: why need creep????
(11:33 / Allies) towers: gold hoarder?
(11:38 / Allies) towers: 4k gold
(11:42 / Allies) towers: gold hoarder blue
(11:45 / Allies) towers: noob doesn't give gold
(11:47 / Allies) thugmasternoob: don't cry for blue bitch yellow bitcgh
(12:15 / Allies) thugmasternoob: yellow
(12:16 / Allies) thugmasternoob: stfu
(12:25 / Allies) towers: gold hoarder
(12:28 / Allies) towers: noob haha
(12:40 / Allies) thugmasternoob: I said stfu yellow
(12:48 / Allies) thugmasternoob: u r the noob this game
(12:51 / Allies) merch17: lumber me
(12:59 / Allies) towers: gold me first noob
(13:04 / Allies) merch17: nah u suck
(13:10 / Allies) towers: no wood then noob
(13:57 / Allies) thugmasternoob: how do u feel at there yellow????
(14:16 / Allies) thugmasternoob: were U do anything???
(14:19 / Allies) towers: I'm pro
(14:20 / Allies) towers: stfu
(14:26 / Allies) thugmasternoob: say whatever
(14:31 / Allies) thugmasternoob: stfu
(14:36 / Allies) thugmasternoob: just get out
(14:39 / Allies) towers: shut up noob
(14:42 / Allies) towers: I said shut up
(15:16 / Allies) towers: noob
(15:24 / Allies) towers: die gold hoarder and noob
(15:41 / Allies) towers: die noob
(15:56 / Allies) towers: die noob
(16:39 / Allies) merch17: lumber?>
(16:45 / Allies) towers: die noob
(17:42 / All) towers: I'm tking
(17:44 / All) towers: help kill blue
(17:46 / All) SubwayCat: good
(18:02 / Allies) towers: die noob
(18:54 / Allies) towers: die noob
(18:58 / All) towers: noob team
(19:00 / All) towers: gold hoarder blue
(19:03 / All) towers: scrub pink
(19:14 / All) thugmasternoob: stfu yellow bitch
(19:19 / All) towers: I said you shut up
(19:24 / All) thugmasternoob: the fucking noob was yellow U
(19:31 / All) towers: die noob
(19:33 / All) towers: you lose noob!
(19:46 / All) towers: remember kill top left expo noobs
(19:48 / All) towers: kill these noobs
(19:50 / All) thugmasternoob: acc that concernd about tower will die everygame
(19:58 / All) towers: you die every game noob
(20:01 / All) towers: you are noob
(20:11 / All) SubwayCat: i hope you take this the wrong way yellow
(20:13 / Allies) thugmasternoob: no record
(20:14 / All) SubwayCat: your mother aint shit
(20:17 / Allies) thugmasternoob: got it
(20:20 / All) towers: I fucked yours the other day orange
(20:23 / All) towers: I fucked her face
(20:25 / All) towers: she gives good head
(20:30 / All) towers: your mom is a good fuck orange, would fuck again
(20:38 / All) towers: if you get a new brother u know who is the father noob
(20:47 / All) Towered.Coward: orange mom got neck game for days
(20:50 / All) towers: enjoy your win and i enjoy your mom
(20:53 / All) Towered.Coward: I'm a fan
(20:55 / All) SubwayCat: i see my your team trolled you to tears
(21:01 / All) towers: hahaha no win noob
(21:03 / All) towers: anti-win hack
(21:14 / All) SubwayCat: all that rage
(21:20 / All) towers: your mom is raging in bed
(21:24 / All) SubwayCat: rofl
(21:28 / All) SubwayCat: what a silly kid
(21:32 / All) SubwayCat: so angry
(21:35 / All) towers: so owned
(21:42 / All) towers: your mom, so FUCKED